 Dungeon Crawl Stone Soup version 0.21.1-1-g345015fe64 (webtiles) character file.

187 LevaFresel the Covered (level 5, -1/41 HPs)
             Began as a Human Fighter on June 12, 2018.
             Killed from afar by Naru's ghost (4 damage)
             ... with a magic dart
             ... on level 3 of the Dungeon.
             The game lasted 00:10:11 (2188 turns).

LevaFresel the Covered (Human Fighter)              Turns: 2188, Time: 00:10:12

Health: -1/41      AC:  6    Str: 22    XL:     5   Next: 99%
Magic:  5/5        EV:  8    Int:  9    God:
Gold:   165        SH:  9    Dex: 12    Spells: 4/4 levels left

rFire    . . .     SeeInvis .   a - +0 war axe
rCold    . . .     Gourm    .   c - +0 shield
rNeg     . . .     Faith    .   b - +0 scale mail
rPois    .         Spirit   .   (no helmet)
rElec    .         Reflect  .   (no cloak)
rCorr    .         Harm     .   (no gloves)
MR       .....                  (no boots)
Stlth    ..........             (no amulet)
HPRegen  0.13/turn              (no ring)
MPRegen  0.09/turn              (no ring)

@: mighty
A: no striking features
a: no special abilities


You were on level 3 of the Dungeon.
You were very hungry.

You visited 1 branch of the dungeon, and saw 3 of its levels.

You collected 165 gold pieces.

Inventory:

Hand Weapons
 a - a +0 war axe (weapon)
Armour
 b - a +0 scale mail (worn)
 c - a +0 shield (worn)
 i - a +0 chain mail
 p - a +2 large shield
Scrolls
 h - a scroll of teleportation {unknown}
 j - a scroll of amnesia {unknown}
 k - a scroll of enchant weapon {unknown}
 m - a scroll of identify {unknown}
 n - a scroll of fear {unknown}
 q - a scroll of blinking {unknown}
Potions
 e - a potion of curing {unknown}
 g - 2 potions of brilliance {unknown}
 l - a potion of haste {unknown}
 o - a potion of heal wounds {unknown}
Comestibles
 f - 5 rations


   Skills:
 + Level 3.4 Fighting
 * Level 3.2 Axes
 * Level 2.5 Throwing
 + Level 3.5 Armour
 + Level 1.5 Dodging
 + Level 3.5 Shields


You had 4 spell levels left.
You didn't know any spells.

Dungeon Overview and Level Annotations

Branches:
Dungeon (3/15)

Altars:
Fedhas

Annotations:
D:3 Naru's ghost, amateur TrWz; Sigmund


Message History

* * * LOW HITPOINT WARNING * * *
You hit Naru's ghost.
Naru's ghost is severely damaged.
Naru's ghost closely misses you.
You closely miss Naru's ghost.
Naru's ghost is severely damaged.
You block Naru's ghost's attack.
You closely miss Naru's ghost.
Naru's ghost is severely damaged.
You block Naru's ghost's attack. x2
You barely miss Naru's ghost.
Naru's ghost is severely damaged.
Naru's ghost casts a spell at you. The magic dart hits you!
* * * LOW HITPOINT WARNING * * *
You closely miss Naru's ghost.
Naru's ghost is severely damaged.
Naru's ghost gestures at you while chanting.
The magic dart hits you!
You die...

.... ..##
#.#..W<..# ...
...####.#......#
..
#........#######
. #........#
#........#
#........#
#........#
#...W....#
#...@....#
#........#
#........#
#...<....#
##########


You could see Naru's ghost.

Vanquished Creatures
  A jelly (D:2)
  An orc wizard (D:3)
  5 adders
  An ooze (D:3)
  2 worms (D:2)
  5 dart slugs
  2 leopard geckos
  2 orcs (D:3)
  4 giant cockroaches
  6 goblins
  6 hobgoblins
  4 jackals (D:2)
  7 kobolds
  3 ball pythons
  6 bats
  7 frilled lizards
  6 rats
68 creatures vanquished.

Notes
Turn   | Place    | Note
-------+----------+-------------------------------------------
     0 | D:1      | LevaFresel the Human Fighter began the quest for the Orb.
     0 | D:1      | Reached XP level 1. HP: 18/18 MP: 1/1
    61 | D:1      | Reached XP level 2. HP: 21/24 MP: 2/2
   216 | D:1      | Reached skill level 1 in Throwing
   267 | D:1      | Reached XP level 3. HP: 25/29 MP: 3/3
   576 | D:2      | Reached skill level 1 in Dodging
   652 | D:2      | Reached XP level 4. HP: 29/35 MP: 4/4
   860 | D:2      | Reached XP level 5. HP: 29/41 MP: 5/5
  1624 | D:3      | Found a blossoming altar of Fedhas.
  1686 | D:3      | Noticed Naru's ghost (amateur TrWz)
  2038 | D:3      | Noticed Sigmund
  2188 | D:3      | Killed from afar by Naru's ghost

Skill      XL: |  1  2  3  4  5 |
---------------+----------------+-----
Throwing       | 1 2 |  2.5
Dodging        | 1 |  1.5
Axes           | 3 |  3.2
Fighting       | |  3.4
Armour         | |  3.5
Shields        | |  3.5

Action                   |  1- 3 |  4- 6 || total
-------------------------+-------+-------++-------
Melee: War axe           |    98 |   143 ||   241
  Use: Potion            |       |     1 ||     1
  Eat: Ration            |       |     1 ||     1
Armor: Scale mail        |    73 |    70 ||   143
Dodge: Dodged            |    40 |    46 ||    86
Block: Shield            |    45 |    83 ||   128
